Map: New Repugnancy LE

Players

SouLeer

  • Race: Zerg Zerg
  • Spawn Location: 7:00

SKillous - Winner!

  • Race: Protoss Protoss
  • Spawn Location: 1:00

Event: 2019 WCS Spring

VOD

Have the link to the VOD?

Description

Time

  • Played on: May 17, 2019, 11:31 a.m.
  • Length: 4:21

All games in this series

Show
View Real Time Build Order
Export as new Build Order

SouLeer Zerg 

Build Orders: Hatch First 

Get SALT Encoding   

  12  0:00  Drone  
  13  0:12  Overlord  
  13  0:18  Drone  
  14  0:31  Drone x2  
  14  0:35  Drone  
  17  0:51  Drone  
  18  0:58  Hatchery, Drone  
  18  1:06  Extractor  
  17  1:14  Spawning Pool  
  17  1:16  Drone  
  17  1:20  Drone  
  18  1:28  Drone  
  19  1:42  Overlord  
  19  2:00  Queen  
  19  2:01  Zergling x4  
  23  2:06  Metabolic Boost  
  23  2:10  Zergling x2  
  23  2:11  Queen  
  23  2:12  Zergling x2  
  27  2:22  Zergling x4  
  29  2:33  Zergling x4  
  31  2:43  Zergling x4  
  33  2:53  Zergling x2  
  33  2:57  Zergling x2  
  34  3:11  Zergling x6  
  36  3:15  Overlord  
  33  3:22  Zergling x2  
  33  3:23  Zergling x4  
  34  3:29  Zergling x2  
  34  3:31  Overlord  
  35  3:34  Drone x2  
  35  3:38  Drone  
  38  3:41  Drone  
  38  3:44  Hatchery  
  38  3:51  Baneling Nest  
  37  3:56  Zergling x8  
  37  4:01  Spore Crawler  
  40  4:08  Drone  
  43  4:10  Extractor  
Show
View Real Time Build Order
Export as new Build Order

SKillous Protoss - Winner!

Build Orders: 1 Gate Expand, Oracle Opening 

Get SALT Encoding   

  12  0:00  Probe  
  13  0:12  Probe  
  14  0:20  Pylon  
  14  0:24  Probe  
  15  0:34  Probe  
  15  0:40  Gateway  
  15  0:42  Probe  
  17  0:50  Assimilator  
  17  0:52  Probe  
  18  1:04  Probe  
  19  1:16  Probe  
  20  1:27  Cybernetics Core  
  20  1:36  Nexus  
  20  1:43  Pylon  
  21  1:47  Probe  
  21  1:52  Assimilator  
  21  1:55  Adept  
  21  1:59  Probe  
  24  2:11  Probe  
  25  2:16  Adept  
  25  2:21  Stargate  
  25  2:23  Probe  
  28  2:35  Warp Gate, Probe  
  29  2:45  Adept  
  29  2:48  Probe  
  32  2:52  Probe  
  33  3:00  Probe x2  
  35  3:05  Oracle  
  35  3:09  Pylon  
  35  3:12  Probe  
  36  3:15  Adept  
  41  3:22  Shield Battery  
  41  3:24  Probe  
  41  3:26  Probe  
  43  3:34  Oracle  
  43  3:36  Probe  
  43  3:38  Probe  
  45  3:48  Probe, Gateway  
  48  3:50  Gateway  
  48  3:53  Probe  
  50  3:57  Pylon  
  50  4:01  Probe  
  51  4:05  Probe  
  51  4:08  Shield Battery  
Tags
 
Add a new tag
Caveats
  • Supply blocks, unpowered buildings, or Contaminate may cause inaccurate times.
  • Supply counts are checked every 10 seconds.